 Dungeon Crawl Stone Soup version 0.29.1-2-gbd0b4ee654 (webtiles) character file.

Game seed: 15024977152841714032

1461 Avanven the Cleaver (level 8, -1/58 HPs)
             Began as a Vine Stalker Berserker on Nov 13, 2022.
             Was a Priest of Trog.
             Succumbed to a killer bee's poison
             ... on level 6 of the Dungeon.
             The game lasted 00:07:20 (4273 turns).

Avanven the Cleaver (Vine Stalker Berserker)        Turns: 4273, Time: 00:07:21

Health: -1/58      AC: 10    Str: 23    XL:     8   Next: 77%
Magic:  1/9        EV:  8    Int:  7    God:    Trog [***...]
Gold:   434        SH:  0    Dex: 13    Spells: 7/7 levels left

rFire   + . .      SeeInvis .   i - +1 hand axe (freeze)
rCold   . . .      Faith    .   (no shield)
rNeg    . . .      Spirit   +   h - +1 chain mail
rPois   .          Reflect  .   (no helmet)
rElec   .          Harm     .   (no cloak)
rCorr   .          Rampage  .   (no gloves)
Will    +....                   (no boots)
Stlth   ..........              (no amulet)
HPRegen 0.99/turn               k - ring of protection from fire
MPRegen 0.11/turn               (no ring)

@: berserking (expiring), lethally poisoned (-1 -> -15), very quick
A: fangs 3, regeneration 1, magic shield, antimagic bite, no potion heal 2
a: Renounce Religion, Berserk, Trog's Hand


You were on level 6 of the Dungeon.
You worshipped Trog.
Trog was most pleased with you.
You visited 1 branch of the dungeon, and saw 6 of its levels.

You collected 434 gold pieces.

Inventory:

Hand Weapons
 e - a +0 war axe
 i - a +1 hand axe of freezing (weapon)
Missiles
 m - a throwing net (quivered)
Armour
 b - a +0 kite shield
 h - a +1 chain mail (worn)
Jewellery
 k - a ring of protection from fire (left hand)
 r - a ring of magical power
Wands
 j - a wand of polymorph (1)
Scrolls
 a - a scroll of summoning {unknown}
 d - 2 scrolls of amnesia {unknown}
 g - a scroll of immolation {unknown}
 p - 2 scrolls of silence
 q - a scroll of noise {unknown}
 t - 2 scrolls of magic mapping
Potions
 c - a potion of might
 f - 3 potions of haste
 l - 3 potions of heal wounds
 n - a potion of lignification {unknown}
 o - a potion of attraction {unknown}
 s - a potion of cancellation {unknown}
 u - a potion of flight {unknown}
 v - a potion of brilliance {unknown}
 w - a potion of resistance {unknown}


   Skills:
 - Level 2.6 Fighting
 * Level 8.4 Axes
 + Level 5.2 Armour
 - Level 1.5 Dodging


You had 7 spell levels left.
You didn't know any spells.
Your spell library was empty.

Dungeon Overview and Level Annotations

Branches:
Dungeon (6/15)
 Temple: D:4-7

Altars:
Gozag

Shops:
D:4 *


Innate Abilities, Weirdness & Mutations

You have razor-sharp teeth.
Your natural rate of healing is unusually fast.
When hurt, damage is shared between your health and your magic reserves.
Your bite disrupts and absorbs the magic of your enemies.
Potions cannot restore your health.


Message History

Unknown command.
You barely miss the killer bee. You hit the killer bee.
You freeze the killer bee. You miss the killer bee.
The killer bee stings you. x2
The killer bee barely misses you.
You barely miss the killer bee. You slash the killer bee!
You freeze the killer bee.
You kill the killer bee!
Trog accepts your kill.
You miss the killer bee. The killer bee stings you.
The killer bee stings you but does no damage.
You closely miss the killer bee. You barely miss the killer bee.
The killer bee stings you.
You are poisoned.
The killer bee poisons you!
The killer bee stings you but does no damage.
You miss the killer bee. Your bite misses the killer bee.
You closely miss the killer bee.
You feel sick. The killer bee stings you!
* * * LOW HITPOINT WARNING * * *
The killer bee stings you.
* * * LOW HITPOINT WARNING * * *
You are more poisoned.
The killer bee poisons you! The killer bee stings you!
* * * LOW HITPOINT WARNING * * *
The killer bee stings you but does no damage.
You are too berserk!
You slash the killer bee! You freeze the killer bee.
Your bite misses the killer bee.
The killer bee is severely wounded.
You hit the killer bee. You freeze the killer bee.
You kill the killer bee!
Trog accepts your kill.
* * * LOW HITPOINT WARNING * * *
You feel sick. The killer bee stings you.
* * * LOW HITPOINT WARNING * * *
You are more poisoned.
The killer bee poisons you!
You closely miss the killer bee. Your punch misses the killer bee.
The killer bee is severely wounded.
You hit the ufetubus.
You die...

...###............
... ###..........
#!........
##.S......
#.......# .
###.......#..
..#............
...............
......†@.###...
......5y##
..###...# . ##..#
##.. . #.. ## #..
.. ##.. ..


You could see a killer bee, an adder and an ufetubus.

Vanquished Creatures
  A water moccasin (D:6)
  2 black bears (D:5)
  2 centaurs (D:5)
  A phantom (D:4)
  A kobold brigand (D:6)
  2 scorpions
  5 killer bees (D:6)
  A jelly (D:5)
  An orc priest (D:4)
  2 hounds
  A gnoll bouda (D:6)
  Natasha (thrice) (D:4)
  Terence (D:2)
  An iguana (D:6)
  2 orc wizards
  7 adders
  8 gnolls
  2 dart slugs
  9 orcs
  6 endoplasms
  6 giant cockroaches
  10 goblins
  8 hobgoblins
  3 jackals (D:4)
  7 kobolds
  4 quokkas
  10 ball pythons
  3 bats
  2 frilled lizards (D:2)
  19 rats (D:2)
130 creatures vanquished.

Notes
Turn   | Place    | Note
-------+----------+-------------------------------------------
     0 | D:1      | Avanven the Vine Stalker Berserker began the quest for the
                  | Orb.
     0 | D:1      | Reached XP level 1. HP: 11/11 MP: 2/2
   562 | D:1      | Reached skill level 3 in Axes
   690 | D:1      | Found a faded altar of an unknown god.
   709 | D:1      | Reached XP level 2. HP: 16/16 MP: 3/3
   888 | D:2      | Noticed Terence
   899 | D:2      | Killed Terence
   900 | D:2      | Reached XP level 3. HP: 19/19 MP: 1/4
  1248 | D:2      | Identified the +0 robe of Quick Freedom {rElec}
  1256 | D:2      | Gained mutation: Your natural rate of healing is unusually
                  | fast. [Vine Stalker growth]
  1256 | D:2      | Reached XP level 4. HP: 21/23 MP: 3/5
  1480 | D:2      | Reached skill level 4 in Axes
  1509 | D:2      | Reached ** piety under Trog
  1842 | D:3      | You fall into a shaft and drop 1 floor!
  2013 | D:3      | Reached XP level 5. HP: 27/27 MP: 6/6
  2110 | D:3      | Reached *** piety under Trog
  2446 | D:4      | Found an opulent altar of Gozag.
  2457 | D:4      | Found Gozag's Platinum Reserve.
  2467 | D:4      | Noticed a phantom
  2480 | D:4      | Killed a phantom
  2481 | D:4      | Reached skill level 5 in Axes
  2481 | D:4      | Reached XP level 6. HP: 32/32 MP: 7/7
  2665 | D:4      | Noticed Natasha
  2675 | D:4      | Killed Natasha
  2794 | D:4      | Noticed Natasha
  2802 | D:4      | Killed Natasha
  2811 | D:4      | Noticed Natasha
  2819 | D:4      | Killed Natasha
  3033 | D:5      | Entered Level 5 of the Dungeon
  3034 | D:5      | Noticed a black bear
  3043 | D:5      | Killed a black bear
  3044 | D:5      | Reached skill level 6 in Axes
  3044 | D:5      | Reached XP level 7. HP: 35/35 MP: 8/8
  3511 | D:5      | Reached skill level 7 in Axes
  3709 | D:5      | Gained mutation: You have razor-sharp teeth. [Vine Stalker
                  | growth]
  3709 | D:5      | Reached XP level 8. HP: 39/39 MP: 9/9
  4259 | D:6      | Reached skill level 8 in Axes
  4259 | D:6      | Reached skill level 5 in Armour
  4272 | D:6      | HP: 1/58 [killer bee (3)]
  4273 | D:6      | Succumbed to a killer bee's poison

Illustrated notes

Levels and vault maps discovered:
D:1:      heliophobic_arrival_dark_side_of_the_moon, layout_rooms,
          chequers_ecumenical_altar_simple_redux
D:2:      minmay_wonky_spiral, layout_rooms, minmay_rat_hole, uniq_terence
D:3:      layout_rooms
D:4:      layout_basic, nicolae_gozag_zags_fifth_avenue, uniq_natasha
D:5:      layout_basic
D:6:      layout_layer_cave, minmay_temple_entry_glass, uniq_duvessa,
          uniq_prince_ribbit1, uniq_eustachio

Skill      XL: |  1  2  3  4  5  6  7  8 |
---------------+-------------------------+-----
Axes           | 3 4 5 6 7 8 |  8.4
Armour         | 2 3 4 5 |  5.2
Fighting       | |  2.6
Dodging        | |  1.5

Action                   |  1- 3 |  4- 6 |  7- 9 || total
-------------------------+-------+-------+-------++-------
Melee: War axe           |    20 |       |       ||    20
       Bite              |     8 |    26 |    24 ||    58
       Hand axe          |    19 |   140 |   136 ||   295
       Unarmed           |     9 |       |       ||     9
       Punch             |       |       |     2 ||     2
Invok: Berserk           |     1 |     2 |     3 ||     6
  Use: Scroll            |     3 |     8 |     1 ||    12
Armor: Chain mail        |    12 |    63 |   105 ||   180
       Animal skin       |     1 |       |       ||     1
Dodge: Dodged            |    22 |    40 |    57 ||   119
